cohdb
Replays
Latest Replays
All Replays
Popular Replays
Top Player Replays
Match Explorer
How It Works
Community
CoH3 Stats
Reddit
Sign in to upload your games and track your stats! →
Sign in with Steam
Match 44765558
Unlisted
Match 44765558
Overview
Messages
Build Orders
End
Vickers Machine Gun Team
Construct Section Command Post
Dingo Light Scout Car
Infantry Section
Infantry Section
Grenade Package
Construct Platoon Command Post
Unlock M3 Stuart Light Tanks
Construct Field Infirmary
6-pounder Anti-tank Gun Team
M3 Stuart Light Tank
Selects Indian Artillery Battlegroup
Selects Towed ML 4.2-inch Heavy Mortar
Selects Valour
Selects Gurkha Rifles Section
Towed ML 4.2-inch Heavy Mortar
Gurkha Rifles Section
Infantry Training
Gurkha Rifles Section
Selects Off-map Airburst Barrage
Selects BL5.5 Artillery Emplacement
Ok.okokok
【POW】游骑
THE one-冰封夕阳
JT
GOOD
陈浩南
0
0
Comments
sign in to comment!
No comments posted yet!